 Dungeon Crawl Stone Soup version 0.30.1-9-gdf580d7c3d (webtiles) character file.

Game seed: 7748528214888664573

381 Logoto the Firebug (level 6, 0/46 HPs)
             Began as a Draconian Fire Elementalist on Aug 31, 2023.
             Was an Initiate of Qazlal.
             Succumbed to a scorpion's poison
             ... on level 5 of the Dungeon on Oct 13, 2023.
             The game lasted 00:12:34 (4134 turns).

Logoto the Firebug (Draconian Fire Elementalist)    Turns: 4134, Time: 00:12:35

Health: 0/46       AC:  6    Str: 13    XL:     6   Next: 46%
Magic:  1/12       EV: 12    Int: 15    God:    Qazlal [......]
Gold:   144        SH:  0    Dex: 11    Spells: 9/13 levels left

rFire   . . .        g - +0 hand axe
rCold   . . .        (no shield)
rNeg    . . .        (body armour unavailable)
rPois   .            (helmet restricted)
rElec   .            (no cloak)
rCorr   .            (no gloves)
SInv    .            (no boots)
Will    .....        (no amulet)
Stlth   ++           (no ring)
HPRegen 0.27/turn    (no ring)
MPRegen 0.13/turn

%: no passive effects
@: lethally poisoned (0 -> -2)
A: AC +6, unfitting armour, cold-blooded
a: Renounce Religion


You were on level 5 of the Dungeon.
You worshipped Qazlal.
Qazlal was noncommittal.
You visited 2 branches of the dungeon, and saw 6 of its levels.

You collected 144 gold pieces.

Inventory:

Hand Weapons
 c - a +0 dagger
 g - a +0 hand axe (weapon)
Jewellery
 l - a ring of fire
Wands
 p - a wand of polymorph (8)
 r - a wand of digging (6)
Scrolls
 d - 3 scrolls of enchant armour {unknown}
 f - 2 scrolls of summoning {unknown}
 h - 4 scrolls of identify {unknown}
 i - 3 scrolls of noise {unknown}
 k - a scroll of poison {unknown}
 m - a scroll of fear {unknown}
 o - a scroll of immolation {unknown}
 q - 4 scrolls of teleportation {unknown}
 s - a scroll of brand weapon {unknown}
 t - 2 scrolls of vulnerability {unknown}
 u - a scroll of amnesia {unknown}
 v - a scroll of magic mapping {unknown}
 x - a scroll of enchant weapon {unknown}
Potions
 a - a potion of magic
 b - 2 potions of brilliance {unknown}
 e - 3 potions of attraction {unknown}
 j - a potion of cancellation {unknown}
 n - 2 potions of curing {unknown}
 w - a potion of berserk rage {unknown}
 z - a potion of mutation {unknown}


   Skills:
 + Level 0.7 Fighting
 + Level 1.4 Axes
 + Level 2.3 Dodging
 + Level 2.2 Stealth
 + Level 4.1 Spellcasting
 + Level 2.2 Conjurations
 + Level 4.7 Fire Magic


You had 9 spell levels left.
You knew the following spells:

 Your Spells              Type           Power      Damage    Failure   Level
a - Foxfire               Conj/Fire      52%        2x1d6     4%          1
b - Scorch                Fire           34%        2d6       3%          2
c - Slow                  Hex            12%        N/A       19%         1

Your spell library contained the following spells:

 Spells                   Type           Power      Damage    Failure   Level
 Kiss of Death            Conj/Necr      24%        2d7       11%         1
 Inner Flame              Hex/Fire       10%        N/A       21%         3
 Volatile Blastmotes      Fire/Tloc      20%        2d11      21%         3
 Lesser Beckoning         Tloc           6%         N/A       26%         2
 Dazzling Flash           Conj/Hex       12%        N/A       32%         3
 Flame Wave               Conj/Fire      13%        2d6       38%         4
 Confusing Touch          Hex            3%         N/A       47%         3
 Gell's Gravitas          Tloc           3%         N/A       47%         3
 Teleport Other           Tloc           3%         N/A       47%         3
 Vampiric Draining        Necr           3%         2d6       47%         3
 Agony                    Necr           3%         N/A       99%         5
 Silence                  Hex/Air        1%         N/A       99%         5
 Orb of Destruction       Conj           4%         9d5       100%        7
 Lehudib's Crystal Spear  Conj/Erth      3%         10d2      100%        8
 Animate Armour           Summ/Erth      Unusable   N/A       N/A         4

Dungeon Overview and Level Annotations

Branches:
Dungeon (5/15)             Temple (1/1) D:4

Altars:
Dithmenos
Fedhas
Hepliaklqana
Makhleb
Okawaru
Qazlal
Ru
Trog
Uskayaw
Wu Jian
Xom
Yredelemnul


Innate Abilities, Weirdness & Mutations

Your plain brown scales are hard. (AC +6)
You cannot fit into any form of body armour.
You are cold-blooded and may be slowed by cold attacks.


Message History

The adder is lightly wounded.
The hound closely misses you.
The foxfire hits the adder.
The adder is moderately wounded.
The hound bites you. x2
The scorpion stings you.
* * * LOW HITPOINT WARNING * * *
You are poisoned.
The scorpion poisons you!
Casting: Foxfire (safe; 4% risk of failure)
Confirm with . or Enter, or press ? or * to list all spells.
You don't have enough magic to cast this spell.
The hound attacks as you move away! The hound barely misses you.
* * * LOW HITPOINT WARNING * * *
You feel very sick.
The scorpion stings you but does no damage.
The hound closely misses you.
Unknown command.
Casting: Foxfire (safe; 4% risk of failure)
Confirm with . or Enter, or press ? or * to list all spells.
You don't have enough magic to cast this spell.
* * * LOW HITPOINT WARNING * * *
You feel sick. The hound attacks as you move away! The hound barely misses you.
The scorpion attacks as you move away! The scorpion barely misses you.
Found a runed soapstone amulet.
You feel sick. The hound bites you but does no damage.
* * * LOW HITPOINT WARNING * * *
You feel sick. The hound attacks as you move away!
The hound bites you but does no damage.
You feel sick. The adder closely misses you. The hound bites you.
* * * LOW HITPOINT WARNING * * *
The hound attacks as you move away! The hound bites you.
* * * LOW HITPOINT WARNING * * *
The adder attacks as you move away! The adder barely misses you.
* * * LOW HITPOINT WARNING * * *
You feel sick. The adder misses you.
Items here: ) [ ††.
The adder attacks as you move away! The adder bites you but does no damage.
You die...

#.. # #.# ##.
#.# #... #.#
.....##.######
............)#
.....##.####.#
#.. #..# #)#
#########@#
#<#
#YO#..sS[.#
#.#
#"'.o#.#sh#.#
#.# ###
#..##..# #.#
#..##..# #..
#.#s.#.# ###
#......#
######.## .S#
.#


You could see a two-headed ogre, 2 scorpions, a hound, an orc wizard and an
adder.

Vanquished Creatures
  An ogre (D:3)
  A jelly (D:5)
  A howler monkey (D:5)
  A gnoll bouda (D:5)
  A hound (D:4)
  An orc wizard (D:4)
  3 gnolls (D:3)
  3 adders
  A worm (D:4)
  A dart slug (D:4)
  7 orcs
  5 ball pythons
  5 endoplasms
  3 giant cockroaches
  5 hobgoblins
  3 jackals (D:2)
  A quokka (D:2)
  5 bats
  8 goblins
  5 kobolds
  8 rats
69 creatures vanquished.

Vanquished Creatures (others)
  109 foxfires
109 creatures vanquished.

Grand Total: 178 creatures vanquished

Notes
Turn   | Place    | Note
-------+----------+-------------------------------------------
     0 | D:1      | Logoto the Draconian Fire Elementalist began the quest for
                  | the Orb.
     0 | D:1      | Reached XP level 1. HP: 14/14 MP: 3/3
   495 | D:1      | Reached XP level 2. HP: 15/20 MP: 5/5
  1051 | D:2      | Got the Papyrus of the Syncline and Assaults
  1055 | D:2      | Learned a level 2 spell: Scorch
  1078 | D:2      | Reached XP level 3. HP: 12/26 MP: 1/6
  1996 | D:3      | Noticed an ogre
  2008 | D:3      | Killed an ogre
  2009 | D:3      | Reached XP level 4. HP: 30/33 MP: 1/8
  2009 | D:3      | Reached XP level 5. HP: 34/38 MP: 1/9
  2773 | D:4      | Reached skill level 1 in Axes
  2954 | D:4      | Found a sacrificial altar of Ru.
  3288 | D:4      | Found a staircase to the Ecumenical Temple.
  3306 | Temple   | Entered the Ecumenical Temple
  3400 | Temple   | Became a worshipper of Qazlal Stormbringer
  3852 | D:4      | Learned a level 1 spell: Slow
  3915 | D:5      | Entered Level 5 of the Dungeon
  3938 | D:5      | Reached XP level 6. HP: 38/46 MP: 8/11
  4005 | D:5      | Noticed a two-headed ogre
  4028 | D:5      | Noticed a yak
  4106 | D:5      | Upgraded the game from 0.30.1-4-g462c640d31 to
                  | 0.30.1-9-gdf580d7c3d
  4132 | D:5      | HP: 2/46 [hound (2)]
  4134 | D:5      | Succumbed to a scorpion's poison

Illustrated notes

Levels and vault maps discovered:
D:1:      matt_arrival_spirals, layout_basic
D:2:      layout_basic
D:3:      layout_basic, chequers_serial_rivers_small_a, grunt_ministairs_12,
          grunt_decor_clamped
D:4:      layout_basic, lemuel_doored_altar, minmay_temple_entry_offerings
D:5:      minmay_clustersquares, layout_loops_ring,
          nicolae_ossuary_entry_monument, nicolae_shop_i_like_small_books_too,
          nicolae_half_adder
Temple:   jpeg_temple_clearing

Skill      XL: |  1  2  3  4  5  6 |
---------------+-------------------+-----
Dodging        | 2 |  2.3
Stealth        | 2 |  2.2
Spellcasting   | 3 4 |  4.1
Fire Magic     | 4 |  4.7
Conjurations   | 2 |  2.2
Axes           | 1 |  1.4
Fighting       | |  0.7

Action                     |  1- 3 |  4- 6 || total
---------------------------+-------+-------++-------
  Melee: Dagger            |    30 |       ||    30
         Tailslap          |     8 |    10 ||    18
         Hand axe          |    27 |    56 ||    83
         Punch             |       |     2 ||     2
   Cast: Foxfire           |    28 |    37 ||    65
         Scorch            |     9 |    22 ||    31
   Stab: Sleeping          |     2 |       ||     2
 Armour: Skin              |    27 |    19 ||    46
  Dodge: Dodged            |    56 |    56 ||   112
